AoeStats
← WonderbraM

Oasis

508296863Analyzed
3v3 RM · 10d ago on Sep 21, 2026· 18m 40s· 6 players
Game mode
Random Map
Map size
Normal (6 player)
Population
200
Speed
Normal
Resources
Standard
Victory
Conquest
Starting age
Dark Age
Ending age
Imperial Age
RankedLock teamsTeams togetherTeam positionsShared explorationLock speedFull tech treeHidden civsTurbo modeCheats
Victory
Defeat
🇧🇪 Romans · Belgium
726
+14
🇧🇪 Ethiopians · Belgium
720
+14
🇧🇪 Wei · Belgium
682
+15
🇬🇧 Persians · United Kingdom
710
-15
🇺🇸 Gurjaras · United States
679
-15
🇺🇸 Persians · United States
632
-13
TarsalQuotient7
0:41 Loom
13:23 Feudal Age
Tiger Eyes
0:29 Loom
11:54 Feudal Age
15:31 Man-at-Arms
jcrc1424
10:16 Loom
12:23 Feudal Age
13:37 Wheelbarrow
12:45 Horse Collar
13:04 Double-Bit Axe
18:43 Gold Mining
18:44 Stone Mining
WonderbraM
0:29 Loom
13:03 Feudal Age
14:23 Wheelbarrow
14:41 Double-Bit Axe
15:23 Man-at-Arms
MrSummertime
7:52 Loom
10:59 Feudal Age
13:38 Wheelbarrow
13:40 Double-Bit Axe
14:07 Fletching
14:24 Horse Collar
Amoe(BE)
12:32 Feudal Age
13:09 Double-Bit Axe
13:54 Man-at-Arms
17:15 Bloodlines
18:54 Town Watch
Connection lost

Rejoining the realm…

Still unreachable

The connection could not be restored.

Session expired

The server has moved on; the page needs a fresh start.